 Dungeon Sprint DCSS version 0.17-a0-1763-g847a857 (webtiles) character file.

42 Dicknose the Ducker (level 3, -1/28 HPs)
             Began as a Demonspawn Gladiator on Sept 5, 2015.
             Was a Believer of Trog.
             Slain by a gnoll
             ... wielding a +0 spear
              (4 damage)
             ... in the Dungeon (Sprint VII: "The Pits").
             The game lasted 00:03:32 (231 turns).

Dicknose the Ducker (Demonspawn Gladiator)           Turns: 231, Time: 00:03:32

Health: -1/28      AC:  5    Str: 16    XL:     3   Next: 35%
Magic:  3/3        EV: 14    Int:  9    God:    Trog [**....]
Gold:   0          SH:  0    Dex: 13    Spells: 0 memorised, 2 levels left

rFire  . . .     SeeInvis .     r - +2 mace
rCold  . . .     Clarity  .     b - +0 leather armour
rNeg   . . .     SustAt   .     (no shield)
rPois  .         Gourm    .     c - +0 helmet
rElec  .         Spirit   .     (no cloak)
rCorr  .         Warding  .     (no gloves)
rMut   .         NoTele   +     (no boots)
MR     ++...                    (no amulet)
Stlth  +.........               (no ring)
                                (no ring)

@: regenerating, very resistant to hostile enchantments, very unstealthy
A: hooves 1, icy blue scales 1
a: Burn Spellbooks, Berserk, Trog's Hand, Renounce Religion


You were in the Dungeon.
You worshipped Trog.
Trog was pleased with you.
You were not hungry.

You visited 1 branch

Inventory:

Hand weapons
 r - a +2 mace (weapon)
Missiles
 d - 3 throwing nets (quivered)
Armour
 b - a +0 leather armour (worn)
 c - a +0 helmet (worn)
Scrolls
 k - a scroll of blinking
 o - 3 scrolls of remove curse
 p - 5 scrolls of amnesia
 q - a scroll of summoning
Potions
 f - a potion of curing
 g - a potion of heal wounds
 h - a potion of haste
 i - 4 potions of magic
 j - 3 potions of berserk rage
 n - 2 potions of invisibility
Comestibles
 e - 8 bread rations
 l - 40 fruits
 m - 7 meat rations


   Skills:
 + Level 2.8 Fighting
 + Level 4.4 Maces & Flails
 + Level 2.4 Throwing
 + Level 0.6 Armour
 + Level 4.9 Dodging


You had 2 spell levels left.
You didn't know any spells.

Dungeon Overview and Level Annotations

Branches:
Dungeon (1/1)

Altars:
Ashenzari
Cheibriados
Dithmenos
Elyvilon
Fedhas
Kikubaaqudgha
Makhleb
Nemelex Xobeh
Okawaru
Ru
Sif Muna
Trog
Vehumet
Xom
Yredelemnul
Zin
The Shining One
Beogh
Jiyva
Lugonu


Innate Abilities, Weirdness & Mutations

You have large cloven feet.
You are partially covered in icy blue scales (AC +1).


Message History

The jackal is severely wounded.
The jackal bites you but does no damage.
The gnoll closely misses you.
You sock the jackal!
You kill the jackal!
Trog accepts your kill. The gnoll hits you but does no damage.
The gnoll hits you with a spear.
* * * LOW HITPOINT WARNING * * *
There is an open door, spattered with blood here.
Items here: ) ††† a dagger; an orc corpse; a jackal corpse; a jackal corpse You hit the gnoll but do no damage.
The gnoll hits you with a spear.
* * * LOW HITPOINT WARNING * * *
Use which ability?
Your skin crawls.
You feel resistant to hostile enchantments.
You feel slightly more hungry. The gnoll hits you but does no damage.
You barely miss the gnoll. The gnoll hits you with a spear.
You die...

#)))#.#?(##......#..#.
#######'#####...........
#..........)'...........
#+#####†#####......#..#.
#. #...'.##...........
#..#...#.#####'#####++
#..#####.##.......#
#..'..g#[##.......#
#..'...@.##.......#
#..########...<...# #.
#.......# # #.......#
#.......# #########


You could see a gnoll.

Vanquished Creatures
  Jessica (D)
  An ooze (D)
  A giant gecko (D)
  2 orcs (D)
  3 jackals (D)
  A ball python (D)
  A giant gecko zombie (D)
10 creatures vanquished.

Notes
Turn   | Place    | Note
--------------------------------------------------------------
     0 | D        | Dicknose the Demonspawn Gladiator began the quest for the Orb.
     0 | D        | Reached XP level 1. HP: 16/16 MP: 1/1
    15 | D        | Reached skill level 3 in Maces & Flails
    27 | D        | Found a sacrificial altar of Ru.
    27 | D        | Found a basalt altar of Yredelemnul.
    27 | D        | Found a shadowy altar of Dithmenos.
    27 | D        | Found a deep blue altar of Sif Muna.
    27 | D        | Found a burning altar of Makhleb.
    27 | D        | Found a shimmering altar of Xom.
    27 | D        | Found an ancient bone altar of Kikubaaqudgha.
    27 | D        | Found a sparkling altar of Nemelex Xobeh.
    28 | D        | Found a bloodstained altar of Trog.
    28 | D        | Found a corrupted altar of Lugonu.
    28 | D        | Found a viscous altar of Jiyva.
    39 | D        | Found a glowing golden altar of the Shining One.
    39 | D        | Found a glowing silver altar of Zin.
    54 | D        | Found a shattered altar of Ashenzari.
    54 | D        | Found a white marble altar of Elyvilon.
    54 | D        | Found a snail-covered altar of Cheibriados.
    54 | D        | Found a blossoming altar of Fedhas.
    54 | D        | Found a radiant altar of Vehumet.
    54 | D        | Found a roughly hewn altar of Beogh.
    54 | D        | Found an iron altar of Okawaru.
    58 | D        | Became a worshipper of Trog the Wrathful
    72 | D        | Acquired Trog's first power
   132 | D        | Gained mutation: You have large cloven feet. [demonic ancestry]
   132 | D        | Reached XP level 2. HP: 16/22 MP: 2/2
   213 | D        | Noticed Jessica
   219 | D        | Killed Jessica
   219 | D        | Reached skill level 4 in Maces & Flails
   219 | D        | Gained mutation: You are partially covered in icy blue scales (AC +1). [demonic ancestry]
   219 | D        | Reached XP level 3. HP: 25/28 MP: 3/3
   220 | D        | Acquired Trog's second power
   229 | D        | HP: 1/28 [gnoll/spear (5)]
   231 | D        | Slain by a gnoll

Vault maps used:
D:        pitsprint

Action                   || total
-------------------------++-------
Melee: Mace              ||    26
       Flail             ||     3
Invok: Trog's Hand       ||     1
